 Dungeon Crawl Stone Soup version 0.28-a0-1241-gf280a0fbb2 (webtiles) character file.

Game seed: 2632955747754832994

317 ChaosChampion the Conjurer (level 6, -9/32 HPs)
             Began as a Deep Elf Conjurer on Dec 26, 2021.
             Mangled by a gnoll sergeant (13 damage)
             ... on level 3 of the Dungeon.
             The game lasted 00:02:32 (2774 turns).

ChaosChampion the Conjurer (Deep Elf Conjurer)      Turns: 2774, Time: 00:02:33

Health: -9/32      AC:  2    Str:  4    XL:     6   Next: 20%
Magic:  10/17      EV: 12    Int: 25    God:
Gold:   66         SH:  0    Dex: 13    Spells: 3/17 levels left

rFire   . . .      SeeInvis .   (no weapon)
rCold   . . .      Faith    .   (no shield)
rNeg    . . .      Spirit   .   a - +0 robe
rPois   .          Reflect  .   (no helmet)
rElec   .          Harm     .   (no cloak)
rCorr   .          Rampage  .   (no gloves)
Will    .....                   (no boots)
Stlth   ++........              (no amulet)
HPRegen 0.10/turn               (no ring)
MPRegen 0.15/turn               (no ring)

@: no status effects
A: no striking features
a: no special abilities


You were on level 3 of the Dungeon.
You visited 1 branch of the dungeon, and saw 3 of its levels.

You collected 66 gold pieces.

Inventory:

Armour
 a - a +0 robe (worn)
Wands
 j - a wand of flame (23)
Scrolls
 c - a scroll of noise {unknown}
 e - a scroll of acquirement {unknown}
 g - a scroll of vulnerability {unknown}
 h - a scroll of identify {unknown}
 l - 3 scrolls of torment {unknown}
 m - a scroll of teleportation {unknown}
Potions
 b - a potion of attraction {unknown}
 d - a potion of curing {unknown}
 f - 2 potions of might {unknown}
 i - a potion of resistance {unknown}
 k - a potion of mutation {unknown}


   Skills:
 - Level 2.4 Dodging
 - Level 2.4 Stealth
 + Level 6.3 Spellcasting
 + Level 6.4 Conjurations
 * Level 1.2 Hexes
 + Level 0.5 Translocations
 + Level 0.6 Fire Magic


You had 3 spell levels left.
You knew the following spells:

 Your Spells              Type           Power      Damage    Failure   Level
a - Magic Dart            Conj           100%       1d8       1%          1
b - Searing Ray           Conj           80%        2d7       1%          2
c - Fulminant Prism       Conj/Hex       13%        3d9       14%         4
d - Iskenderun's Mystic   Conj/Tloc      25%        2d7       17%         4
e - Inner Flame           Hex/Fire       12%        N/A       14%         3

Your spell library contained the following spells:

 Spells                   Type           Power      Damage    Failure   Level
 Dazzling Flash           Conj/Hex       54%        N/A       4%          3
 Portal Projectile        Hex/Tloc       24%        N/A       16%         3
 Call Canine Familiar     Summ           7%         N/A       22%         3
 Cause Fear               Hex            7%         N/A       38%         4
 Leda's Liquefaction      Hex/Erth       5%         N/A       50%         4
 Blade Hands              Tmut           3%         N/A       89%         5
 Excruciating Wounds      Necr           3%         N/A       89%         5
 Discord                  Hex            7%         N/A       100%        8


Dungeon Overview and Level Annotations

Branches:
Dungeon (3/15)

Altars:


Message History

Confirm with . or Enter, or press ? or * to list all spells.
Aiming: Searing Ray (safe; 1% risk of failure)
Press: ? - help, Shift-Dir - straight line, f/p - Natasha
Aim: Natasha (severely wounded, 77% to hit)
The searing ray hits Natasha.
You kill Natasha!
Natasha screams in pain as she dies!
The white imp disappears in a puff of smoke!
The searing ray hits the adder.
The adder is heavily wounded. (Press . to maintain the ray.)
The gnoll sergeant barely misses you.
Your Hexes skill increases to level 1!
The searing ray hits the adder.
The adder is severely wounded.
The searing ray hits the gnoll.
The gnoll is heavily wounded.
The adder bites you.
The gnoll sergeant hits you from afar with a +0 spear!
The gnoll closely misses you.
The searing ray hits the adder.
The adder is almost dead.
The searing ray hits the gnoll!
You kill the gnoll!
The adder bites you but does no damage.
The gnoll sergeant hits you from afar with a +0 spear!
The adder bites you.
* * * LOW HITPOINT WARNING * * *
You are poisoned.
The adder poisons you!
You feel sick.
You feel sick.
You feel sick. The adder completely misses you.
You feel sick.
You feel sick.
You are no longer poisoned.
The adder enters a dispersal trap!
The gnoll sergeant blinks!
The gnoll blinks! x2
The gnoll sergeant blinks!
The gnoll blinks! x2; You blink.
The adder blinks!
The gnoll sergeant hits you with a +0 spear!
You die...

#.#.. .).
#.#...####§####
.....+.....).#
#...##...§§.#
###...##...§..#
#...........S.#
#.............#
#..........§..#
#...g....@gg..# #####
#.............# #...#
#.......§..†..#
#...######
########....†.#
#...##....
............###...##.###
.......(.##...'.........
.........##.###...##.###
.........##.# #...##..†.
.........##.# #...######


You could see a gnoll sergeant, 2 gnolls and an adder.

Vanquished Creatures
  Grinder (D:3)
  Natasha (D:3)
  Ijyb (D:3)
  3 adders (D:2)
  A gnoll (D:3)
  2 worms (D:2)
  3 bats
  3 endoplasms (D:2)
  3 giant cockroaches
  5 hobgoblins
  2 jackals (D:2)
  A quokka (D:2)
  4 ball pythons
  2 frilled lizards
  3 goblins
  4 kobolds
  A rat (D:1)
40 creatures vanquished.

Notes
Turn   | Place    | Note
-------+----------+-------------------------------------------
     0 | D:1      | ChaosChampion the Deep Elf Conjurer began the quest for the
                  | Orb.
     0 | D:1      | Reached XP level 1. HP: 10/10 MP: 6/6
   372 | D:1      | Found a faded altar of an unknown god.
   504 | D:1      | Reached XP level 2. HP: 15/15 MP: 6/8
   507 | D:1      | Learned a level 2 spell: Searing Ray
  1170 | D:2      | Reached skill level 5 in Conjurations
  1170 | D:2      | Reached XP level 3. HP: 19/19 MP: 6/10
  2069 | D:3      | Noticed Grinder
  2075 | D:3      | Paralysed by Grinder for 3 turns
  2081 | D:3      | Killed Grinder
  2082 | D:3      | Reached XP level 4. HP: 4/24 MP: 2/14
  2082 | D:3      | Reached XP level 5. HP: 5/28 MP: 2/15
  2514 | D:3      | Learned a level 4 spell: Fulminant Prism
  2519 | D:3      | Learned a level 4 spell: Iskenderun's Mystic Blast
  2523 | D:3      | Learned a level 3 spell: Inner Flame
  2569 | D:3      | Noticed Ijyb
  2574 | D:3      | Killed Ijyb
  2575 | D:3      | Reached XP level 6. HP: 32/32 MP: 10/17
  2761 | D:3      | Noticed Natasha
  2766 | D:3      | Killed Natasha
  2767 | D:3      | Reached skill level 1 in Hexes
  2774 | D:3      | Mangled by a gnoll sergeant

Illustrated notes

Levels and vault maps discovered:
D:1:      heliophobic_arrival_ceremonial_halls, layout_basic,
          ebering_ecumenical_altar_abandoned, chequers_serial_rivers_small_b,
          grunt_decor_fettered, supply_closet_lemuel
D:2:      layout_loops_ring
D:3:      layout_basic, uniq_natasha, uniq_ijyb, uniq_grinder

Skill      XL: |  1  2  3  4  5  6 |
---------------+-------------------+-----
Spellcasting   | 4 6 |  6.3
Conjurations   | 5 6 |  6.4
Hexes          | 1 |  1.2
Dodging        | |  2.4
Stealth        | |  2.4
Translocations | |  0.5
Fire Magic     | |  0.6

Action                   |  1- 3 |  4- 6 || total
-------------------------+-------+-------++-------
 Cast: Magic Dart        |    43 |    19 ||    62
       Searing Ray       |    12 |     5 ||    17
Armor: Robe              |     1 |     2 ||     3
Dodge: Dodged            |     3 |    11 ||    14

Table legend: (Time is in decaauts)
 A = Elapsed time spent in this place.
 B = Non-inter-level travel time spent in this place.
 C = Inter-level travel time spent in this place.
 D = Time resting spent in this place.
 E = Time spent auto-exploring this place.
 F = Levels seen in this place.
 G = Mean time per level.
                   A        B        C        D        E       F      G
               +--------+--------+--------+--------+--------+-----+--------+
         Total |   2776 |   2724 |     52 |    343 |   2141 |   3 |  925.3 |
       Dungeon |   2776 |   2724 |     52 |    343 |   2141 |   3 |  925.3 |
               +--------+--------+--------+--------+--------+-----+--------+

Top non-repeatable levels by time:
     D:2: 1404 daAuts
     D:1: 1034 daAuts
     D:3: 337 daAuts
